AoeStats
← Ke Wa

Nomad

510138117Analyzed
2v2 RM · 4d ago on Sep 29, 2026· 47m 47s· 4 players
Game mode
Random Map
Map size
176×176
Population
200
Speed
Normal
Resources
Standard
Victory
Conquest
Starting age
Dark Age
Ending age
Imperial Age
RankedLock teamsTeams togetherTeam positionsShared explorationLock speedFull tech treeHidden civsTurbo modeCheats
Victory
Defeat
🇵🇱 Danes · Poland
1004
+14
🇵🇱 Varangians · Poland
973
+16
🇳🇴 Wu · Norway
998
-16
🇫🇷 Franks · France
932
-14
JestDobrze
12:42 Loom
15:19 Feudal Age
15:20 Man-at-Arms
15:59 Arson
17:40 Stone Mining
17:39 Fishing Lines
21:20 Double-Bit Axe
22:54 Wheelbarrow
24:59 Scale Mail Armor
25:10 Forging
27:08 Castle Age
28:11 Gillnets
31:25 Stone Shaft Mining
32:01 Gold Mining
32:24 Bow Saw
34:29 Chain Mail Armor
34:25 Forging
42:42 Imperial Age
40:32 Hand Cart
40:24 Hamask
43:02 Gold Shaft Mining
42:21 Fletching
42:21 Horse Collar
42:35 Town Watch
43:53 Conscription
43:46 Bodkin Arrow
43:40 Elite Jomsviking
46:05 Hoardings
Molpyd
4:48 Loom
17:51 Feudal Age
17:52 Man-at-Arms
20:37 Fishing Lines
22:10 Bloodlines
22:50 Horse Collar
26:12 Castle Age
25:24 Fletching
27:26 Long Swordsman
27:37 Pikeman
28:29 Forging
30:00 Wheelbarrow
31:59 Gillnets
33:45 Hand Cart
34:46 Vendel Legacy
39:02 Imperial Age
39:09 Iron Casting
39:33 Elite Jarl
42:04 Blast Furnace
43:49 Conscription
46:23 Cavalier
47:05 Husbandry
46:27 Light Cavalry
Ke Wa
6:42 Loom
15:39 Feudal Age
23:26 Castle Age
22:35 Town Watch
23:34 Crossbowman
aliø
4:13 Loom
4:48 Loom
13:44 Feudal Age
14:17 Town Watch
16:48 Double-Bit Axe
21:39 Castle Age
20:26 Fletching
21:08 Stone Mining
22:58 Wheelbarrow
22:21 Crossbowman
24:05 Murder Holes
24:16 Treadmill Crane
29:17 Padded Archer Armor
29:02 Fishing Lines
30:03 Medium Warships
30:59 Demolition Ship
33:12 Red Cliffs Tactics
33:37 Ballistics
35:06 Bow Saw
41:19 Imperial Age
38:52 Gold Mining
39:59 Masonry
41:38 Hand Cart
43:30 Chemistry
42:30 Gillnets
43:15 Conscription
43:54 Bloodlines
43:44 Husbandry
44:21 Heavy Hei Guang Cavalry
45:03 Husbandry
46:58 Scale Barding Armor
46:49 Bodkin Arrow
47:46 Leather Archer Armor
47:42 Forging
Connection lost

Rejoining the realm…

Still unreachable

The connection could not be restored.

Session expired

The server has moved on; the page needs a fresh start.